 Dungeon Crawl Stone Soup version 0.31.0-12-g77e489cdc1 (webtiles) character file.

Game seed: 16377479459325375891

67 Gadfly the Trooper (level 4, -3/28 HPs)
             Began as a Gargoyle Fighter on Mar 8, 2024.
             Slain by an ogre
             ... wielding a +0 giant club
              (20 damage)
             ... on level 5 of the Dungeon.
             The game lasted 00:02:17 (1606 turns).

Gadfly the Trooper (Gargoyle Fighter)               Turns: 1606, Time: 00:02:18

Health: -3/28      AC: 16    Str: 19    XL:     4   Next: 16%
Magic:  5/5        EV: 10    Int:  9    God:
Gold:   99         SH:  5    Dex: 17    Spells: 1/3 levels left

rFire   . . .        a - +0 flail
rCold   . . .        c - +0 buckler
rNeg    + . .        n - +0 plate armour
rPois   ∞            b - +0 helmet
rElec   +            (no cloak)
rCorr   .            (no gloves)
SInv    .            (no boots)
Will    .....        (no amulet) Stlth
                     i - +6 ring of dexterity
HPRegen 0.24/turn    m - +5 ring of evasion
MPRegen 0.09/turn

%: no passive effects
@: no status effects
A: sickness immunity, AC +3, negative energy resistance 1, electricity
resistance, torment resistance 1, petrification resistance
a: no special abilities


You were on level 5 of the Dungeon.
You visited 1 branch of the dungeon, and saw 4 of its levels.

You collected 99 gold pieces.

Inventory:

Hand Weapons
 a - a +0 flail (weapon)
Armour
 b - a +0 helmet (worn)
 c - a +0 buckler (worn)
 n - a +0 plate armour (worn)
Jewellery
 i - a +6 ring of dexterity (left hand)
 m - a +5 ring of evasion (right hand)
Wands
 h - a wand of mindburst (14)
 k - a wand of charming (6) (quivered)
Scrolls
 o - a scroll of enchant armour {unknown}
 p - a scroll of teleportation {unknown}
 q - a scroll of torment {unknown}
Potions
 d - a potion of might
 e - a potion of lignification
 f - a potion of cancellation {unknown}
 g - 2 potions of curing
 j - a potion of heal wounds
 l - a potion of attraction {unknown}


   Skills:
 + Level 3.6 Fighting
 * Level 2.6 Maces & Flails
 + Level 3.6 Armour
 + Level 3.6 Shields
 * Level 1.5 Invocations
 * Level 1.1 Evocations


You had one spell level left.
You knew the following spells:

 Your Spells              Type           Power      Damage    Failure   Level
a - Blink                 Tloc           0%         N/A       100%        2

Your spell library contained the following spells:

 Spells                   Type           Power      Damage    Failure   Level
 Slow                     Hex            0%         N/A       100%        1
 Lesser Beckoning         Tloc           0%         N/A       100%        2
 Momentum Strike          Conj/Tloc      0%         3d8       100%        2
 Confusing Touch          Hex            0%         N/A       100%        3
 Sigil of Binding         Hex            0%         N/A       100%        3
 Vampiric Draining        Necr           0%         2d6       100%        3


Dungeon Overview and Level Annotations

Branches:
Dungeon (3/15)

Altars:


Innate Abilities, Weirdness & Mutations

You are immune to sickness and miasma.
Your stone body is resilient. (AC +3)
You are immune to poison.
You resist negative energy. (rN+)
You are resistant to electric shocks. (rElec)
You are resistant to unholy torment.
You are immune to petrification.


Message History

You kill the adder!
No target in view!
No target in view!
No target in view!
No target in view!
No target in view!
No target in view!
No target in view!
No target in view!
No target in view!
No target in view!
No target in view!
No target in view!
No target in view!
No target in view!
No target in view!
p - a scroll labelled BEEGRO HE KEGG
q - a scroll labelled ORUEK UFYL An ogre comes into view.
It is wielding a +0 giant club.
The ogre shouts!
The ogre hits you with a +0 giant club.
You sock the ogre!
The ogre is moderately wounded.
The ogre hits you with a +0 giant club.
You hit the ogre.
The ogre is moderately wounded.
You hit the ogre but do no damage.
The ogre is moderately wounded.
The ogre closely misses you.
You hit the ogre.
The ogre is heavily wounded.
The ogre hits you with a +0 giant club.
You thump the ogre!
The ogre is almost dead.
The ogre closely misses you.
You barely miss the ogre.
The ogre is almost dead.
The ogre hits you with a +0 giant club!!
Ouch! That really hurt!
You die...

..#.#..#.##.#.####.#
.##.#.....#.#.####.#
. #..............#.#
###.#.#.#.#.##.#.#
#.......#......#
.......######.###
#...)....# #..#
.#.......#####.####
#.......##....@O.#
#..)....##.##.##.# #
#$# # #.. ##. . .#


You could see an ogre.

Vanquished Creatures
  Robin (D:2)
  An adder (D:5)
  A dart slug (D:1)
  4 bats
  2 giant cockroaches
  3 hobgoblins
  5 jackals
  2 kobolds (D:1)
  2 quokkas (D:1)
  4 ball pythons
  13 goblins
  3 rats
41 creatures vanquished.

Notes
Turn   | Place    | Note
-------+----------+-------------------------------------------
     0 | D:1      | Gadfly the Gargoyle Fighter began the quest for the Orb.
     0 | D:1      | Reached XP level 1. HP: 14/14 MP: 1/1
    87 | D:1      | Reached XP level 2. HP: 15/19 MP: 2/2
   345 | D:1      | Reached skill level 1 in Invocations
   430 | D:1      | Reached XP level 3. HP: 22/23 MP: 3/3
   720 | D:1      | Found a faded altar of an unknown god.
   846 | D:2      | Noticed Robin
   866 | D:2      | Reached skill level 1 in Evocations
   869 | D:2      | Killed Robin
  1351 | D:2      | Reached XP level 4. HP: 28/28 MP: 5/5
  1354 | D:2      | Learned a level 2 spell: Blink
  1556 | D:3      | You fall into a shaft and drop 2 floors!
  1556 | D:5      | Entered Level 5 of the Dungeon
  1599 | D:5      | Noticed an ogre
  1606 | D:5      | Slain by an ogre

Illustrated notes

Levels and vault maps discovered:
D:1:      sevenhm_arrival_forest_fort_small_3, layout_loops_ring,
          basic_ecumenical_altar
D:2:      layout_loops_ring, uniq_robin
D:3:      layout_rooms, minmay_overflow_temple_star_hex,
          brannock_xom_greatest_gift, nicolae_concentric_dashed_squares_mild,
          kennysheep_big_empty_room
D:5:      layout_loops_cross, serial_bayou_pond_e, uniq_grinder

Skill      XL: |  1  2  3 |
---------------+----------+-----
Invocations    | 1 |  1.5
Evocations     | 1 |  1.1
Fighting       | |  3.6
Maces & Flails | |  2.6
Armour         | |  3.6
Shields        | |  3.6

Action                     |  1- 3 |  4- 6 || total
---------------------------+-------+-------++-------
  Melee: Flail             |   121 |     7 ||   128
    Use: Scroll            |     6 |       ||     6
         Potion            |     2 |     1 ||     3
 Armour: Scale mail        |    55 |       ||    55
         Plate armour      |    70 |     4 ||    74
  Dodge: Dodged            |    57 |     2 ||    59
  Block: Buckler           |    25 |       ||    25
